← All builds
Front / Armada / Economy first / OBSERVED BUILD

Standard front

Armada Front build order · Supreme Isthmus

Standard Front economy-first opening with Bot Lab and Vehicle Plant thrown down almost immediately, transitioning into a mixed Blitz/Rocketeer/Pawn/Janus army feeding the middle over the game.

#eco · 1008 distinct matches · 135 players · 75% of Armada Front games · team won 63% of 1155 · Recently observed

HOW TO PLAY IT

Key timing: Vehicle Plant by 0:47

  1. Open 3 mex then Bot Lab and Vehicle Plant almost together.
  2. Layer wind while both labs start producing.
  3. Send early units to coast first to stop leaks, not middle.
  4. Add Construction Turrets as "Blitz", "Rocketeer", "Janus" mix builds up.
  5. Transition into Advanced Metal Extractor once T2 con is out.

Phase by phase

TYPICAL OF ITS 1008 GAMES
  1. 1
  2. 2
  3. 3
PLAY THE OPENING

Follow the example game's first 6:00 step by step: what to build now, what comes next, and where it goes. At 1× it keeps pace with your own game.

  1. 1

    Up to the Bot Lab

    Economy
    • Metal Extractor2Mex
    • Wind Turbine1Wind
    Order
    1. Bot LabBot Lab after 3 mex, 1 winddone ~0:45, middle half 0:35–8:32

    Some games also: Vehicle Plant (41%)

    By 0:28 in all: 2 mex · 1 wind

    The example game in this phase · 2 steps
    1. Mex ×2
    2. Vehicle PlantVehicle Plantdone 0:35 · typical 0:48
  2. 2

    Bot Lab to 5:00

    Economy
    • Metal Extractor4Mex
    • Wind Turbine3Wind
    Army
    • Sentry1 Sentry

    Some games also: rocketeer (46%) · con bot (44%) · Lazarus (44%) · tick (41%) · centurion (37%)

    By 5:00 in all: 6 mex · 7 wind

    The example game in this phase · 32 steps
    1. RoverScout
    2. Wind ×2
    3. RoverScout ×2
    4. Mex
    5. JanusJanus
    6. Wind ×2
    7. Construction VehicleCon vehicle ×3
    8. Mex ×2
    9. JanusJanus
    10. BlitzBlitz ×2
    11. Mex
    12. BlitzBlitz
    13. Wind
    14. SentrySentry
    15. BlitzBlitz ×2
    16. Wind
    17. BlitzBlitz
    18. Radar TowerRadar Tower
    19. BlitzBlitz ×2
    20. Wind
    21. BlitzBlitz
    22. SentrySentry
    23. BlitzBlitz ×2
    24. Wind
    25. BlitzBlitz ×2
    26. Wind
    27. BlitzBlitz ×3
    28. Wind
    29. BlitzBlitz ×3
    30. Wind
    31. BlitzBlitz ×2
    32. Wind
  3. 3

    5:00 to 10:00

    Economy
    • Metal Extractor1Mex
    • Wind Turbine14Wind
    Builders
    • Construction Turret2 Con turret
    Army
    • Sentry1 Sentry

    Some games also: energy storage (46%) · rocketeer (39%) · blitz (38%) · pawn (36%) · Lazarus (36%)

    By 10:00 in all: 7 mex · 25 wind · 1 energy storage · 3 con turret

    The example game in this phase · 133 steps
    1. BlitzBlitz ×3
    2. Wind
    3. BlitzBlitz ×2
    4. Wind
    5. BlitzBlitz ×3
    6. Wind
    7. Radar TowerRadar Tower
    8. BlitzBlitz
    9. WhistlerMissile truck
    10. SentrySentry ×2
    11. Wind
    12. WhistlerMissile truck
    13. Construction VehicleCon vehicle
    14. Converter
    15. Wind
    16. SentrySentry
    17. Construction VehicleCon vehicle
    18. Wind
    19. WhistlerMissile truck
    20. Dragon's TeethDragon's Teeth
    21. Converter
    22. Dragon's TeethDragon's Teeth ×2
    23. WhistlerMissile truck
    24. Wind
    25. ShellshockerArty
    26. Energy storage
    27. ShellshockerArty
    28. Wind
    29. Converter
    30. SentrySentry
    31. ShellshockerArty
    32. SentrySentry
    33. Wind
    34. Advanced Metal ExtractorT2 mexdone 8:56 · typical 8:54
    35. Converter
    36. Construction VehicleCon vehicle
    37. Wind
    38. Converter
    39. Wind
    40. Advanced Metal ExtractorT2 mex
    41. Converter
    42. Mex
    43. Construction VehicleCon vehicle
    44. Wind
    45. Construction VehicleCon vehicle
    46. Wind
    47. Converter
    48. Advanced Metal ExtractorT2 mex
    49. Construction VehicleCon vehicle
    50. Wind
    51. Construction VehicleCon vehicle
    52. Converter
    53. Wind
    54. Converter
    55. Wind
    56. Advanced Metal ExtractorT2 mex
    57. BlitzBlitz ×2
    58. Wind
    59. BlitzBlitz ×2
    60. Con turret
    61. BlitzBlitz
    62. Mex
    63. BlitzBlitz
    64. Wind
    65. BlitzBlitz ×2
    66. Advanced Metal ExtractorT2 mex
    67. BlitzBlitz ×2
    68. Wind
    69. BlitzBlitz
    70. SentrySentry
    71. Con turret
    72. Wind
    73. Metal storage
    74. SentrySentry
    75. BlitzBlitz
    76. Vehicle PlantVehicle Plantdone 12:41
    77. BlitzBlitz
    78. Con turret
    79. SentrySentry
    80. BlitzBlitz
    81. Wind
    82. BlitzBlitz ×2
    83. Con turret
    84. BlitzBlitz
    85. Wind
    86. Mex
    87. BlitzBlitz
    88. Con turret
    89. BlitzBlitz
    90. Advanced Metal ExtractorT2 mex
    91. BlitzBlitz ×2
    92. Wind
    93. Radar TowerRadar Tower
    94. BlitzBlitz ×2
    95. Wind
    96. BlitzBlitz
    97. Con turret
    98. BlitzBlitz
    99. AnemoneAnemone
    100. BlitzBlitz ×2
    101. Wind
    102. BlitzBlitz ×2
    103. Wind
    104. BlitzBlitz
    105. Wind
    106. BlitzBlitz ×2
    107. Wind
    108. BlitzBlitz ×13
    109. Advanced Metal ExtractorT2 mex
    110. BlitzBlitz ×2
    111. Con turret
    112. BlitzBlitz ×6
    113. Con turret
    114. BlitzBlitz ×4
    115. Con turret
    116. BlitzBlitz ×9
    117. Con turret
    118. BlitzBlitz ×6
    119. Con turret
    120. Wind
    121. BlitzBlitz ×4
    122. Con turret
    123. BlitzBlitz
    124. Wind
    125. BlitzBlitz ×2
    126. Wind ×2
    127. BlitzBlitz
    128. Vehicle PlantVehicle Plantdone 14:59
    129. Wind ×2
    130. BlitzBlitz ×2
    131. Wind ×2
    132. BlitzBlitz ×2
    133. Wind

Counts are medians over the build's games: half of them build more, half fewer. The example game is PixelPeeker's (44 OS, 08/09/2026); pick another.

Team trades

IN AT LEAST 30% OF ITS GAMES

You hand over

Nothing regular.

You get

  • Tidal Generator4 Tidal from Pondfirst at 0:18 · in 68% of games
  • Advanced Construction Bot1 T2 con bot from Geo or Techfirst at 7:18 · in 67% of games

How it plays out

Typical game of this build, running totals by minute

Metal produced

010k20k30k
0:005:0010:0015:00

metal

Enemy metal destroyed

05k10k
0:005:0010:0015:00

metal

Own metal lost

05k10k
0:005:0010:0015:00

metal

1155 games.

Show as table
ByMetal produced: This buildEnemy metal destroyed: This buildOwn metal lost: This build
1:0033300
2:008482131
3:001625141105
4:002715542333
5:0038631200820
6:00507221121523
7:00631429862450
8:00763638633360
9:00907946824312
10:001067953355062
11:001258858215713
12:001481563776524
13:001741369857236
14:002016876198094
15:002266983748952
WHAT THE NUMBERS SAY

Standard Front play wins more often than suicide front and produces more metal by 15:00, reflecting its safer positioning.

  • + Metal produced reaches 22219 by 15:00, above suicide front's 19882
  • + Own losses of 8949 stay under enemy metal destroyed's near-equal 8347
  • − First unit lost by 1:44 shows exposure even from the safer side
  • − Wider gap to defend demands disciplined coast-then-mid unit movement
THE EXAMPLE YOU ARE READING

PixelPeeker

44.1 OS · 08/09/2026

Open source match ↗

5 received units · includes a constructor
642 metal received · 27029 energy received

Allied construction assistance is unknown. Timings are observations, not a promise of solo reproducibility.

Typical milestones

Bot Lab0:45Middle 50%: 0:35–8:32 · n=730
Vehicle Plant0:48Middle 50%: 0:37–0:58 · n=818
Advanced Metal Extractor8:54Middle 50%: 8:02–10:01 · n=923

Played most by

Hummell98games of this buildhaaven94games of this buildLeohvm83games of this buildXad63games of this buildImmort42games of this build